 Dungeon Crawl Stone Soup version 0.20.0-14-g326068f (webtiles) character file.

6309 Firecrotchwizard the Spear-Bearer (level 10, -1/71 HPs)
             Began as a Merfolk Gladiator on June 8, 2017.
             Was a Follower of Hepliaklqana.
             Killed themself with a badly aimed iceblast (20 damage)
             ... on level 10 of the Dungeon.
             The game lasted 00:32:09 (8601 turns).

Firecrotchwizard the Spear-Bearer (MfGl)            Turns: 8601, Time: 00:32:09

Health: -1/71      AC: 13    Str: 14    XL:     10   Next: 95%
Magic:  2/14       EV: 19    Int: 11    God:    Hepliaklqana [*.....]
Gold:   603        SH: 11    Dex: 16    Spells: 9/9 levels left

rFire    . . .     SeeInvis .   a - +1 trident
rCold    . . .     Gourm    .   E - +0 buckler
rNeg     . . .     Faith    .   o - +0 ring mail
rPois    .         Spirit   .   c - +2 helmet
rElec    .         Reflect  +   C - +1 cloak {+Inv}
rCorr    .         Harm     .   k - +2 pair of gloves
MR       .....                  (no boots)
Stlth    ++........             q - +5 amulet of reflection
Regen    0.3/turn               W - +3 ring of evasion
MPRegen  0.2/turn               y - ring of stealth {Stlth+}

@: no status effects
A: change form in water, swift swim, stealthy swim, reduced essence
a: Recall Ancestor, Ancestor Identity, Renounce Religion, Evoke Invisibility


You were on level 10 of the Dungeon.
You worshipped Hepliaklqana.
Hepliaklqana was aware of your devotion.
You were not hungry.

You visited 2 branches of the dungeon, and saw 11 of its levels.

You collected 718 gold pieces.
You spent 115 gold pieces at shops.

Inventory:

Hand Weapons
 a - a +1 trident (weapon)
Missiles
 d - 3 throwing nets {=f, !d}
 p - 5 curare-tipped needles
 D - 3 tomahawks (quivered)
Armour
 c - a +2 helmet (worn)
 k - a +2 pair of gloves (worn)
   (You found it on level 1 of the Dungeon)
 o - a +0 ring mail (worn)
   (You found it on level 3 of the Dungeon)
 C - a +1 cloak of invisibility (worn)
   (You bought it in a shop on level 4 of the Dungeon)
 E - a +0 buckler (worn)
   (You found it on level 5 of the Dungeon)
 N - a cursed +0 large shield
   (You took it off an orc wizard on level 6 of the Dungeon)
Jewellery
 e - a +2 ring of strength
   (You found it on level 3 of the Dungeon)
 i - an uncursed amulet of magic regeneration
   (You found it on level 3 of the Dungeon)
 l - a +3 ring of intelligence
   (You took it off a goblin on level 3 of the Dungeon)
 q - a +5 amulet of reflection (around neck)
   (You found it on level 2 of the Dungeon)
 y - a ring of stealth (right hand) {Stlth+}
   (You found it on level 4 of the Dungeon)
 G - an uncursed ring of protection from cold {rC+, !d}
   (You found it on level 6 of the Dungeon)
 W - a +3 ring of evasion (left hand)
   (You took it off a crimson imp on level 9 of the Dungeon)
Wands
 r - a wand of flame (39/48)
   (You found it on level 5 of the Dungeon)
 u - a wand of iceblast (10/15)
   (You took it off Ijyb on level 4 of the Dungeon)
 x - a wand of iceblast (11/15)
   (You found it on level 3 of the Dungeon)
 V - a wand of iceblast (5/15)
   (You found it on level 9 of the Dungeon)
Scrolls
 b - 3 scrolls of remove curse
 w - 2 scrolls of enchant weapon
 J - 2 scrolls of identify
 L - a scroll of fog
 S - a scroll of teleportation
Potions
 j - 4 potions of might
 m - 2 potions of curing
 n - 3 potions of heal wounds
 s - 2 potions of cancellation
 t - 2 potions of haste
 z - a potion of resistance {unknown}
 A - a potion of magic {unknown}
 B - 5 potions of brilliance
 F - 3 potions of flight
 K - 3 potions of agility
 T - a potion of mutation {unknown}
 U - a potion of lignification {unknown}
Books
 v - a book of Callings
   (You found it on level 9 of the Dungeon)
 P - a book of Power
   (You found it on level 8 of the Dungeon)
Comestibles
 f - 7 bread rations {@e1}
 h - 4 royal jellies
 H - 5 fruits
 Q - 2 meat rations {@e2}


   Skills:
 + Level 7.0 Fighting
 - Level 14.0 Polearms
 - Level 2.0 Throwing
 + Level 9.4 Dodging
 + Level 7.0 Shields
 + Level 5.8 Evocations


You had 9 spell levels left.
You didn't know any spells.

Dungeon Overview and Level Annotations

Branches:
Dungeon (10/15)            Temple (1/1) D:7
   Lair: D:8-11         Orc: D:9-12

Altars:
Ashenzari
Cheibriados
Dithmenos
Elyvilon
Fedhas
Gozag
Hepliaklqana
Kikubaaqudgha
Makhleb
Nemelex Xobeh
Okawaru
Qazlal
Ru
Trog
Uskayaw
Vehumet
Xom
Yredelemnul
Zin
The Shining One

Shops:
D:4 [

Annotations:
D:4 Grinder


Message History

Aim: an eye of draining (moderately wounded)
You could not reach far enough!
Taco hits the eye of draining.
The eye of draining gazes at you.
You feel your power leaking away.
You now have 4/14 mp.
Attack whom?
Aim: an eye of draining (moderately wounded)
You could not reach far enough!
Attack whom?
Aim: an eye of draining (moderately wounded)
You could not reach far enough!
Taco completely misses the eye of draining.
Attack whom?
Aim: an eye of draining (moderately wounded)
You could not reach far enough!
Taco hits the eye of draining.
Attack whom?
Aim: an eye of draining (heavily wounded)
You reach to attack!
You hit the eye of draining but do no damage.
The eye of draining gazes at you.
You feel your power leaking away.
An adder simulacrum comes into view.
You now have 0/14 mp.
Attack whom?
Aim: an eye of draining (moderately wounded)
You reach to attack!
You hit the eye of draining.
Taco hits the eye of draining.
The adder simulacrum moves out of view.
A black bear comes into view.
You puncture the five-headed hydra!
The black bear moves out of view.
You hit the five-headed hydra. The five-headed hydra misses you.
The five-headed hydra bites you!
You block the five-headed hydra's attack.
The five-headed hydra closely misses you.
The five-headed hydra misses you.
Taco hits the eye of draining.
You take 7 damage, and have 62/69 hp.
Taco hits the eye of draining!
You puncture the five-headed hydra!
Taco hits the eye of draining but does no damage.
You block the five-headed hydra's attack.
The five-headed hydra bites you but does no damage.
The five-headed hydra bites you. The five-headed hydra bites you!
You block the five-headed hydra's attack.
You take 10 damage, and have 52/69 hp.
Taco hits the eye of draining.
You hit the five-headed hydra.
You completely miss the five-headed hydra.
The adder misses Taco.
Taco hits the eye of draining but does no damage.
You block the five-headed hydra's attack.
The five-headed hydra bites you.
You block the five-headed hydra's attack. x2
The five-headed hydra bites you.
You take 6 damage, and have 46/69 hp.
You puncture the five-headed hydra! You barely miss the five-headed hydra.
Taco hits the eye of draining!
You block the five-headed hydra's attack.
The five-headed hydra closely misses you.
The five-headed hydra barely misses you.
The five-headed hydra closely misses you. x2
You puncture the five-headed hydra!
The black bear completely misses Taco.
The black bear claws Taco. x2; Taco barely misses the black bear.
The five-headed hydra bites you but does no damage.
You block the five-headed hydra's attack.
The five-headed hydra bites you but does no damage.
The five-headed hydra bites you! The five-headed hydra bites you.
You take 15 damage, and have 31/69 hp.
MASSIVE DAMAGE!!
You hit the five-headed hydra.
The black bear bites Taco.
The black bear closely misses Taco. x2
An adder comes into view.
You barely miss the five-headed hydra.
Taco barely misses the black bear.
The five-headed hydra closely misses you.
The five-headed hydra barely misses you.
You block the five-headed hydra's attack. x2
The five-headed hydra closely misses you.
You hit the five-headed hydra.
The black bear bites Taco.
The black bear claws Taco.
The black bear barely misses Taco.
You hit the five-headed hydra.
Taco hits the black bear.
The five-headed hydra bites you!
* * * LOW HITPOINT WARNING * * *
The five-headed hydra bites you but does no damage.
You block the five-headed hydra's attack. x2
The five-headed hydra bites you but does no damage.
You take 14 damage, and have 18/69 hp.
MASSIVE DAMAGE!!
You barely miss the five-headed hydra.
The black bear bites Taco.
The black bear closely misses Taco.
The black bear claws Taco.
Taco hits the black bear but does no damage.
The five-headed hydra completely misses you.
You block the five-headed hydra's attack. x2
The five-headed hydra bites you but does no damage. x2
That's the wrong kind of item! (Use * to select it.) That beam is likely to hit you.
Continue anyway?
The mass of ice explodes!
The iceblast engulfs the five-headed hydra.
You kill the five-headed hydra!
Your Fighting skill increases to level 7!
Your Shields skill increases to level 7!
The iceblast engulfs you!
You die...

..# . #######..# .
#........# .#
#..<.....# ##(####
#..).....###.GS....
#........#..Rh...#
#........#S....#
#........#.H.###
#........@##%#
#........#.###
#######..#...
#..#.....
#..###..... #..#
##(## ##.. ... ##..
..


You could see the friendly Taco the ancestor, a hippogriff, an eye of draining,
a black bear and 2 adders.

Vanquished Creatures
  A hydra (D:10)
  A two-headed ogre (D:9)
  Pikel (D:4)
  Prince Ribbit (D:9)
  2 yaks (D:9)
  2 hungry ghosts
  2 sky beasts
  2 orc warriors
  3 ice beasts
  A slave (D:3)
  2 centaurs
  4 ogres
  3 bullfrogs
  A scorpion (D:8)
  13 killer bees (D:9)
  5 howler monkeys
  A bullfrog zombie (D:5)
  A crimson imp (D:5)
  A jelly (D:5)
  A hound (D:8)
  2 bullfrog skeletons
  2 orc priests
  Ijyb (D:4)
  Jessica (D:3)
  3 iguanas
  5 orc wizards
  4 worker ants
  6 gnolls
  10 adders
  2 shadow imps
  An ooze (D:4)
  2 adder skeletons
  2 adder zombies
  2 worms (D:2)
  3 dart slugs
  3 leopard geckos
  21 orcs
  8 bats
  8 giant cockroaches
  13 goblins
  7 hobgoblins
  11 jackals
  3 quokkas
  7 frilled lizards
  A giant cockroach zombie (D:6)
  A jackal skeleton (D:8)
  7 kobolds
  A leopard gecko zombie (D:5)
  4 rats
189 creatures vanquished.

Vanquished Creatures (collateral kills)
  A yak (D:9)
  An ogre (D:8)
  A bullfrog (D:8)
  3 killer bees (D:9)
  2 howler monkeys (D:8)
  A crimson imp (D:9)
  A jelly (D:10)
  An orc priest (D:10)
  A worker ant zombie (D:8)
  3 orcs (D:9)
  2 jackals (D:9)
17 creatures vanquished.

Vanquished Creatures (others)
  A sky beast (D:5)
  2 centaurs (D:6)
  4 ancestors
7 creatures vanquished.

Grand Total: 213 creatures vanquished

Notes
Turn   | Place    | Note
-------+----------+-------------------------------------------
     0 | D:1      | Firecrotchwizard the Merfolk Gladiator began the quest for the Orb.
     0 | D:1      | Reached XP level 1. HP: 16/16 MP: 1/1
    73 | D:1      | Reached skill level 5 in Polearms
   140 | D:1      | Reached XP level 2. HP: 22/22 MP: 2/2
   614 | D:2      | Reached skill level 6 in Polearms
   614 | D:2      | Reached XP level 3. HP: 23/27 MP: 3/3
   731 | D:2      | Found an opulent altar of Gozag.
  1280 | D:2      | Reached skill level 7 in Polearms
  1280 | D:2      | Reached XP level 4. HP: 18/33 MP: 4/4
  1886 | D:3      | Reached skill level 8 in Polearms
  1964 | D:3      | Reached XP level 5. HP: 38/38 MP: 5/5
  2509 | D:3      | Noticed Jessica
  2510 | D:3      | Killed Jessica
  2993 | D:4      | Noticed a slave
  2994 | D:4      | Noticed a slave
  2996 | D:4      | Noticed Pikel
  2996 | D:4      | Noticed a slave
  3020 | D:3      | Killed a slave
  3097 | D:4      | Reached skill level 9 in Polearms
  3116 | D:4      | Noticed Ijyb
  3117 | D:4      | Reached XP level 6. HP: 32/44 MP: 6/6
  3148 | D:4      | Killed Ijyb
  3210 | D:4      | Noticed a slave
  3227 | D:4      | Killed Pikel
  3227 | D:4      | Reached skill level 12 in Polearms
  3227 | D:4      | Reached XP level 7. HP: 31/50 MP: 7/7
  3361 | D:4      | Found Hinaesh's Armour Emporium.
  3386 | D:4      | Bought a +0 cloak of invisibility for 115 gold pieces
  3572 | D:4      | Found a sparkling altar of Nemelex Xobeh.
  3888 | D:4      | Noticed Grinder
  3893 | D:4      | Paralysed by Grinder for 6 turns
  3905 | D:4      | Paralysed by Grinder for 5 turns
  3915 | D:4      | Paralysed by Grinder for 4 turns
  3919 | D:5      | Entered Level 5 of the Dungeon
  3955 | D:5      | Reached XP level 8. HP: 43/56 MP: 8/8
  4256 | D:5      | Reached skill level 13 in Polearms
  4636 | D:5      | Found a stormy altar of Qazlal.
  4814 | D:5      | Reached skill level 1 in Shields
  5053 | D:6      | Reached skill level 14 in Polearms
  5263 | D:6      | Reached skill level 2 in Shields
  5283 | D:6      | Reached skill level 1 in Evocations
  5322 | D:6      | Found a shattered altar of Ashenzari.
  5352 | D:6      | Reached skill level 3 in Fighting
  5352 | D:6      | Reached skill level 3 in Shields
  5421 | D:6      | Reached XP level 9. HP: 63/63 MP: 10/10
  5698 | D:7      | Reached skill level 5 in Dodging
  5698 | D:7      | Reached skill level 2 in Evocations
  6003 | D:7      | Reached skill level 4 in Shields
  6108 | D:7      | Reached skill level 4 in Fighting
  6194 | D:7      | Reached skill level 6 in Dodging
  6217 | D:7      | Reached skill level 3 in Evocations
  6286 | D:7      | Found a staircase to the Ecumenical Temple.
  6299 | Temple   | Entered the Ecumenical Temple
  6386 | Temple   | Became a worshipper of Hepliaklqana the Forgotten
  6591 | D:7      | Found a hide-covered altar of Uskayaw.
  6598 | D:7      | Found a basalt altar of Yredelemnul.
  6731 | D:8      | Reached skill level 5 in Shields
  6815 | D:8      | Reached skill level 5 in Fighting
  7032 | D:8      | Reached skill level 7 in Dodging
  7072 | D:8      | Reached skill level 4 in Evocations
  7156 | D:9      | Noticed a two-headed ogre
  7176 | D:8      | Reached XP level 10. HP: 66/66 MP: 13/13
  7199 | D:9      | Found an iron altar of Okawaru.
  7226 | D:9      | Noticed Prince Ribbit
  7294 | D:9      | Killed Prince Ribbit
  7391 | D:9      | Killed a two-headed ogre
  7391 | D:9      | Reached skill level 6 in Fighting
  7391 | D:9      | Reached skill level 8 in Dodging
  7391 | D:9      | Reached skill level 6 in Shields
  7613 | D:9      | Reached * piety under Hepliaklqana
  7816 | D:9      | Reached skill level 5 in Evocations
  8518 | D:10     | Entered Level 10 of the Dungeon
  8546 | D:9      | Reached skill level 9 in Dodging
  8575 | D:10     | Noticed a five-headed hydra
  8601 | D:10     | Killed a five-headed hydra
  8601 | D:10     | Reached skill level 7 in Fighting
  8601 | D:10     | Reached skill level 7 in Shields
  8601 | D:10     | Killed themself with a badly aimed iceblast

Skill      XL: |  1  2  3  4  5  6  7  8  9 10 |
---------------+-------------------------------+-----
Polearms       | 5 6 7 8 9 12 14 | 14.0
Shields        | 3 5 7 |  7.0
Evocations     | 1 4 5 |  5.8
Fighting       | 3 5 7 |  7.0
Dodging        | 7 9 |  9.4
Throwing       | |  2.0

Action                   |  1- 3 |  4- 6 |  7- 9 | 10-12 || total
-------------------------+-------+-------+-------+-------++-------
Melee: Trident           |    61 |   179 |   301 |   220 ||   761
Throw: Javelin           |    33 |    39 |    39 |       ||   111
       Tomahawk          |     1 |     6 |   102 |    37 ||   146
Invok: Recall Ancestor   |       |       |     1 |       ||     1
       Ancestor Identity |       |       |     1 |       ||     1
  Use: Scroll            |       |     9 |     8 |     8 ||    25
 Stab: Sleeping          |       |       |     3 |       ||     3
       Distracted        |       |       |       |     1 ||     1
  Eat: Chunk             |     1 |     6 |    11 |     2 ||    20
       Royal jelly       |       |       |     1 |     1 ||     2
       Fruit             |       |       |       |     1 ||     1
Armor: Leather armour    |    12 |     1 |       |       ||    13
       Scale mail        |       |    43 |    13 |       ||    56
       Ring mail         |       |       |    30 |    28 ||    58
Dodge: Dodged            |    26 |    48 |    50 |   111 ||   235
Block: Other             |     2 |    30 |     7 |       ||    39
       Buckler           |       |       |    43 |    93 ||   136
       Reflection        |       |       |     7 |     4 ||    11

Vault maps used:
D:1:      dpeg_arrival_connections, minivault_26,
          corexii_item_surrounded_by_moat
D:2:      kennysheep_six_static_rooms, nicolae_overflow_crystal_walls
D:3:      uniq_jessica
D:4:      kennysheep_the_goblin_king, serial_shops, shop_coins,
          nemelex_dance_club_becter, uniq_grinder, uniq_pikel
D:5:      cheibrodos_quashed, nicolae_qazlal_eye_of_the_storm, first_bread
D:6:      kennysheep_little_box
D:7:      nicolae_overflow_hidden_temple, amethyst_overflow_temple_binary,
          minmay_temple_entry_mist
D:9:      okawaru_ov_weapons_minmay, uniq_prince_ribbit1
D:10:     minmay_lair_entry_lava, blue_anna_alchemist, minmay_the_grid_2x2
Temple:   nicolae_temple_great_sept

Table legend:
 A = Turns spent in this place as a percentage of turns spent in the entire game.
 B = Non-inter-level travel turns spent in this place as a percentage of non-inter-level travel turns spent in the entire game.
 C = Inter-level travel turns spent in this place as a percentage of turns spent in this place.
 D = Turns resting spent in this place as a percentage of non-inter-level travel turns spent in this place.
 E = Turns spent auto-exploring this place as a percentage of non-inter-level travel turns spent in this place.
 F = Non-inter-level travel turns spent in this place divided by the number of levels of this place that you've seen.
                   A       B       C       D       E      F
               +-------+-------+-------+-------+-------+----------------------
         Total | 100.0 | 100.0 |   1.1 |   1.9 |  12.6 | 198.5
       Dungeon |  98.9 |  99.0 |   1.0 |   1.9 |  12.3 | 216.1
        Temple |   1.1 |   1.0 |  12.0 |   0.0 |  45.5 |  22.0
               +-------+-------+-------+-------+-------+----------------------

Table legend:
 A = Kills in this place as a percentage of kills in entire the game.
 B = Kills by you in this place as a percentage of kills by you in the entire game.
 C = Kills by friends in this place as a percentage of kills by friends in the entire game.
 D = Other kills in this place as a percentage of other kills in the entire game.
 E = Experience gained in this place as a percentage of experience gained in the entire game.
 F = Experience gained in this place divided by the number of levels of this place that you have seen.
                   A       B       C       D       E      F
               +-------+-------+-------+-------+-------+----------------------
         Total | 100.0 | 100.0 | 100.0 | 100.0 | 100.0 | 819.4
       Dungeon | 100.0 | 100.0 | 100.0 | 100.0 | 100.0 | 901.3
               +-------+-------+-------+-------+-------+----------------------
